 Dungeon Crawl Stone Soup version 0.24-a0-584-g9d6b971ae4 (webtiles) character file.

Game seed: 7799727238268678527, levelgen mode: deterministic

266 MordorOrchid the Slasher (level 6, -4/53 HPs)
             Began as a Gnoll Chaos Knight on Sept 1, 2019.
             Was a Plaything of Xom.
             Slain by a sun demon (21 damage)
             ... summoned by Xom
             ... on level 3 of the Dungeon.
             The game lasted 00:11:49 (2020 turns).

MordorOrchid the Slasher (Gnoll Chaos Knight)       Turns: 2020, Time: 00:11:49

Health: -4/53      AC: 13    Str: 14    XL:     6   Next: 20%
Magic:  8/8        EV:  7    Int: 19    God:    Xom [....*.]
Gold:   106        SH:  0    Dex: 14    Spells: 8/8 levels left

rFire    . . .     SeeInvis .   a - +0 falchion (chaos)
rCold    . . .     Gourm    .   (no shield)
rNeg     . . .     Faith    .   q - +0 chain mail
rPois    .         Spirit   .   k - +0 helmet
rElec    .         Reflect  .   g - +0 cloak
rCorr    .         Harm     .   (no gloves)
MR       .....                  n - +0 pair of boots
Stlth    ..........             (no amulet)
HPRegen  0.17/turn              d - +2 ring of intelligence
MPRegen  0.11/turn              i - ring of flight

@: about to teleport
A: distributed training, claws 1, fangs 1, mutation resistance 1, strong nose
a: Renounce Religion, Evoke Flight


You were on level 3 of the Dungeon.
You worshipped Xom.
You were a beloved toy of Xom.
You were hungry.

You visited 1 branch of the dungeon, and saw 4 of its levels.

You collected 106 gold pieces.

Inventory:

Hand Weapons
 a - a +0 falchion of chaos (weapon)
 j - a +1 hunting sling of freezing
Missiles
 l - 10 arrows
 o - 85 stones (quivered)
 p - 76 sling bullets
Armour
 b - a +2 leather armour
 g - a +0 cloak (worn)
 k - a +0 helmet (worn)
 n - a +0 pair of boots (worn)
 q - a +0 chain mail (worn)
Jewellery
 d - a +2 ring of intelligence (left claw)
 h - an uncursed ring of fire
 i - a ring of flight (right claw)
 v - an uncursed ring of ice
Scrolls
 e - 2 scrolls of remove curse
 r - a scroll of magic mapping {unknown}
Potions
 m - a potion of brilliance
 s - 2 potions of flight
 t - 3 potions of heal wounds
 u - a potion of resistance
Comestibles
 c - 6 rations


   Skills:
 + Level 6.8 Fighting
 + Level 1.8 Short Blades
 + Level 6.8 Long Blades
 + Level 1.8 Axes
 + Level 1.8 Maces & Flails
 + Level 1.8 Polearms
 + Level 1.8 Staves
 + Level 1.8 Slings
 + Level 1.8 Bows
 + Level 1.8 Crossbows
 + Level 1.8 Throwing
 + Level 4.9 Armour
 + Level 3.1 Dodging
 + Level 1.8 Stealth
 + Level 1.8 Shields
 + Level 1.8 Unarmed Combat
 + Level 1.8 Spellcasting
 + Level 1.4 Conjurations
 + Level 1.4 Hexes
 + Level 1.4 Charms
 + Level 1.4 Summonings
 + Level 1.4 Necromancy
 + Level 1.4 Translocations
 + Level 1.4 Transmutations
 + Level 1.4 Fire Magic
 + Level 1.4 Ice Magic
 + Level 1.4 Air Magic
 + Level 1.4 Earth Magic
 + Level 1.4 Poison Magic
 + Level 2.0 Invocations
 + Level 1.8 Evocations


You had 8 spell levels left.
You didn't know any spells.
Your spell library was empty.

Dungeon Overview and Level Annotations

Branches:
Dungeon (4/15)
 Temple: D:4-7

Altars:
Hepliaklqana
Qazlal
Ru
Xom
The Shining One


Innate Abilities, Weirdness & Mutations

Your experience applies equally to all skills.
You have very sharp teeth.
Your uncanny sense of smell can sniff out nearby items.
You have sharp fingernails.
You are somewhat resistant to further mutation.


Message History

You are engulfed in flames!!
You closely miss the sun demon.
The sun demon is lightly wounded.
The quasit bites you.
The quasit claws you but does no damage. x2
The sun demon hits you but does no damage.
You hit the sun demon but do no damage.
You bite the sun demon, but do no damage.
The sun demon is lightly wounded.
The quasit barely misses you.
The quasit claws you but does no damage. x2
The sun demon hits you.
You are engulfed in flames!
The quasit closely misses you.
The quasit claws you but does no damage. x2
Unknown command.
You hit the sun demon.
The sun demon seems to speed up.
Xom thinks this is hilarious!
The sun demon is lightly wounded.
The sun demon hits you!!
You die...

##################
#...!3@55........#
###.############.#
## #.# .# #.# .#
#.#.. #.# .#
#.#... #.### # .#
#.... #.#.. . .#
#... #.#.#### .#
#.. #.#.....


You could see a sun demon, a quasit and a crimson imp.

Vanquished Creatures
  A howler monkey (D:4)
  A hound (D:4)
  An iguana (D:4)
  Terence (D:3)
  2 worker ants (D:4)
  Robin (D:1)
  2 adders
  A worm (D:2)
  2 dart slugs (D:1)
  2 leopard geckos
  8 bats
  11 goblins
  11 hobgoblins
  A quokka (D:2)
  3 frilled lizards
  A jackal skeleton (D:4)
  4 kobolds
  23 rats
76 creatures vanquished.

Notes
Turn   | Place    | Note
-------+----------+-------------------------------------------
     0 | D:1      | MordorOrchid the Gnoll Chaos Knight began the quest for the
                  | Orb.
     0 | D:1      | Reached XP level 1. HP: 23/23 MP: 1/1
    50 | D:1      | Reached XP level 2. HP: 25/29 MP: 2/2
    82 | D:1      | XOM: potion effect (berserk rage)
   188 | D:1      | XOM: silly message
   268 | D:2      | Noticed Robin
   287 | D:1      | Reached XP level 3. HP: 31/35 MP: 3/3
   317 | D:1      | Killed Robin
   369 | D:1      | Reached skill level 1 in Invocations
   480 | D:1      | XOM: silly message
   657 | D:2      | Reached skill level 1 in Short Blades
   657 | D:2      | Reached skill level 1 in Axes
   657 | D:2      | Reached skill level 1 in Maces & Flails
   657 | D:2      | Reached skill level 1 in Polearms
   657 | D:2      | Reached skill level 1 in Staves
   657 | D:2      | Reached skill level 1 in Slings
   657 | D:2      | Reached skill level 1 in Bows
   657 | D:2      | Reached skill level 1 in Crossbows
   657 | D:2      | Reached skill level 1 in Throwing
   657 | D:2      | Reached skill level 1 in Stealth
   657 | D:2      | Reached skill level 1 in Shields
   657 | D:2      | Reached skill level 1 in Unarmed Combat
   657 | D:2      | Reached skill level 1 in Spellcasting
   657 | D:2      | Reached skill level 1 in Evocations
   664 | D:2      | Reached XP level 4. HP: 36/41 MP: 5/5
   748 | D:2      | XOM: divination: detect items
   933 | D:2      | XOM: harmless Fire miscast
  1074 | D:2      | Found a sacrificial altar of Ru.
  1110 | D:3      | XOM: 1-stop teleportation journey
  1131 | D:3      | Found a glowing golden altar of the Shining One.
  1363 | D:3      | Noticed a fire elemental
  1363 | D:3      | Noticed Terence
  1364 | D:3      | Found a stormy altar of Qazlal.
  1385 | D:3      | Killed Terence
  1385 | D:3      | Reached skill level 1 in Conjurations
  1385 | D:3      | Reached skill level 1 in Hexes
  1385 | D:3      | Reached skill level 1 in Charms
  1385 | D:3      | Reached skill level 1 in Summonings
  1385 | D:3      | Reached skill level 1 in Necromancy
  1385 | D:3      | Reached skill level 1 in Translocations
  1385 | D:3      | Reached skill level 1 in Transmutations
  1385 | D:3      | Reached skill level 1 in Fire Magic
  1385 | D:3      | Reached skill level 1 in Ice Magic
  1385 | D:3      | Reached skill level 1 in Air Magic
  1385 | D:3      | Reached skill level 1 in Earth Magic
  1385 | D:3      | Reached skill level 1 in Poison Magic
  1427 | D:3      | Reached XP level 5. HP: 47/47 MP: 6/6
  1487 | D:3      | XOM: give mutations
  1487 | D:3      | Gained mutation: You have sharp fingernails. [Xom's grace]
  1487 | D:3      | Gained mutation: You are somewhat resistant to further
                  | mutation. [Xom's grace]
  1594 | D:3      | Noticed an air elemental
  1606 | D:3      | Noticed a water elemental
  1684 | D:4      | Found a hazy altar of Hepliaklqana.
  1685 | D:4      | Found a shimmering altar of Xom.
  1686 | D:4      | Noticed a spectral ugly thing
  1829 | D:4      | Reached XP level 6. HP: 53/53 MP: 8/8
  2015 | D:3      | XOM: summons 3 hostile demons
  2016 | D:3      | Noticed a sun demon
  2020 | D:3      | Slain by a sun demon

Levels and vault maps discovered:
D:1:      scummos_arrival_forest, layout_rooms, minivault_24,
          minmay_misc_feat_enclosed, minmay_misc_feat_diagonals
D:2:      layout_loops_corners, hangedman_ru_absence, first_ration,
          minmay_rat_hole, uniq_robin
D:3:      layout_basic, nicolae_qazlal_style_of_elements, old_standard_altar,
          serial_bayou_lagoon_a, uniq_terence
D:4:      layout_basic, regret_index_temple_of_mockery,
          gammafunk_ghost_necromancy, minmay_misc_feat_more_columns,
          chequers_serial_rivers_micro_c, mrwooster_statue_mirror, minivault_25

Skill      XL: |  1  2  3  4  5 |
---------------+----------------+-----
Invocations    | 1 2 |  2.0
Short Blades   | 1 |  1.8
Axes           | 1 |  1.8
Maces & Flails | 1 |  1.8
Polearms       | 1 |  1.8
Staves         | 1 |  1.8
Slings         | 1 |  1.8
Bows           | 1 |  1.8
Crossbows      | 1 |  1.8
Throwing       | 1 |  1.8
Stealth        | 1 |  1.8
Shields        | 1 |  1.8
Unarmed Combat | 1 |  1.8
Spellcasting   | 1 |  1.8
Evocations     | 1 |  1.8
Conjurations   | 1 |  1.4
Hexes          | 1 |  1.4
Charms         | 1 |  1.4
Summonings     | 1 |  1.4
Necromancy     | 1 |  1.4
Translocations | 1 |  1.4
Transmutations | 1 |  1.4
Fire Magic     | 1 |  1.4
Ice Magic      | 1 |  1.4
Air Magic      | 1 |  1.4
Earth Magic    | 1 |  1.4
Poison Magic   | 1 |  1.4
Dodging        | 3 |  3.1
Fighting       | |  6.8
Long Blades    | |  6.8
Armour         | |  4.9

Action                   |  1- 3 |  4- 6 || total
-------------------------+-------+-------++-------
Melee: Falchion          |    86 |    96 ||   182
       Bite              |    14 |    10 ||    24
       Punch             |     1 |       ||     1
 Fire: Hunting sling     |       |    13 ||    13
Throw: Throwing net      |       |     1 ||     1
  Use: Potion            |     1 |       ||     1
       Scroll            |       |     7 ||     7
 Stab: Sleeping          |     3 |       ||     3
       Petrifying        |     1 |     1 ||     2
  Eat: Chunk             |       |     3 ||     3
Armor: Leather armour    |    30 |    11 ||    41
       Chain mail        |       |    44 ||    44
Dodge: Dodged            |    53 |    43 ||    96
       Rpst.: Falchion   |    18 |    11 ||    29

Table legend:
 A = Non-vault XP
 B = Vault XP
 C = Vault XP percentage of total XP
 D = Non-vault monster count
 E = Vault monster count
 F = Vault count percentage of total count
                 A         B        C        D         E       F
            +---------+---------+-------+---------+---------+-------
      Total |     294 |      87 |  22.8 |      46 |      30 |  39.5
            +---------+---------+-------+---------+---------+-------
        D:1 |      37 |      27 |  42.2 |      21 |       8 |  27.6
        D:2 |      37 |      24 |  39.3 |      14 |      21 |  60.0
        D:3 |       6 |      36 |  85.7 |       4 |       1 |  20.0
        D:4 |     214 |       0 |   0.0 |       7 |       0 |   0.0
            +---------+---------+-------+---------+---------+-------
